 Dungeon Crawl Stone Soup version 0.29.0-4-gdea44cf6ec (webtiles) character file.

Game seed: 18002851932872189953

2959 qw the Grappler (level 9, -1/85 HPs)
             Began as a Troll Cinder Acolyte on Aug 31, 2022.
             Was a Priest of Ignis.
             Succumbed to a gnoll sergeant's poison
             ... on level 6 of the Dungeon.
             The game lasted 00:03:09 (5443 turns).

qw the Grappler (Troll Cinder Acolyte)              Turns: 5443, Time: 00:03:09

Health: -1/85      AC: 15    Str: 28    XL:     9   Next: 52%
Magic:  9/9        EV:  9    Int: 10    God:    Ignis [***...]
Gold:   310        SH:  0    Dex:  5    Spells: 10/10 levels left

rFire   + . .      SeeInvis .     - Unarmed
rCold   . . .      Faith    .   (no shield)
rNeg    . . .      Spirit   .   a - +0 robe
rPois   .          Reflect  .   (helmet restricted)
rElec   .          Harm     .   (no cloak)
rCorr   .          Rampage  .   (gloves unavailable)
Will    .....                   (boots unavailable)
Stlth   +.........              (no amulet)
HPRegen 1.04/turn               h - +4 ring of protection
MPRegen 0.11/turn               (no ring)

@: lethally poisoned (-1 -> -10), fiery-armoured
A: large, unfitting armour, claws 3, regeneration 1, shaggy fur 1, tough skin 1
a: Renounce Religion, Fiery Armour, Foxfire Swarm, Rising Flame


You were on level 6 of the Dungeon.
You worshipped Ignis.
Ignis was most pleased with you.
You visited 1 branch of the dungeon, and saw 7 of its levels.

You collected 310 gold pieces.


Innate Abilities, Weirdness & Mutations

You are too large for most types of armour.
You have claws for hands.
Your natural rate of healing is unusually fast.
You are covered in fur. (AC +1)
You have tough skin. (AC +1)


   Skills:
 + Level 4.4 Fighting
 - Level 1.6 Throwing
 - Level 1.5 Dodging
 - Level 12.4 Unarmed Combat
 - Level 1.0 Spellcasting
 - Level 2.1 Fire Magic


You had 10 spell levels left.
You didn't know any spells.
Your spell library contained the following spells:

 Spells                   Type           Power      Damage    Failure   Level
 Scorch                   Fire           8%         2d5       22%         2

Inventory:

Armour
 a - a +0 robe (worn)
 b - the +1 robe of Parlour Games {-Cast Str+8 Dex-4 Stlth+}
   (You found it on level 3 of the Dungeon)

   Str:       It affects your strength (+8).
   Dex:       It affects your dexterity (-4).
   -Cast:     It prevents spellcasting.
   Stlth:     It makes you more stealthy.
Jewellery
 h - a +4 ring of protection (left claw)
Scrolls
 d - 4 scrolls of enchant weapon
 f - a scroll of identify
 g - 2 scrolls of teleportation
Potions
 e - a potion of degeneration {unknown}
 i - a potion of haste
 j - a potion of cancellation {unknown}
 k - a potion of flight {unknown}
 l - 3 potions of might
 n - a potion of mutation {unknown}

Dungeon Overview and Level Annotations

Branches:
Dungeon (7/15)             Temple (0/1) D:6

Altars:
Ashenzari
Gozag
Nemelex Xobeh
Qazlal
Ru
Uskayaw
Vehumet

Annotations:
D:3 1 runed translucent door, Crazy Yiuf


Message History

You feel very sick. The gnoll sergeant closely misses you.
You scratch the gnoll sergeant but do no damage.
You feel very sick.
You barely miss the gnoll sergeant. You claw the gnoll sergeant!
The gnoll sergeant is moderately wounded.
You feel very sick.
The gnoll sergeant hits you with a +2 spear of venom.
You are more poisoned.
You claw the gnoll sergeant!
The gnoll sergeant is almost dead.
You feel very sick.
The gnoll sergeant hits you with a +2 spear of venom!
You are more poisoned.
You scratch the gnoll sergeant but do no damage.
The gnoll sergeant is almost dead.
You feel very sick. The gnoll sergeant barely misses you.
5438 ||| INVOKING Fiery Armour.
A protective cloak of flame settles atop you.
You feel very sick.
The gnoll sergeant hits you with a +2 spear of venom!
You are more poisoned.
The gnoll sergeant is burned by your cloak of flames.
The gnoll sergeant is almost dead.
You closely miss the gnoll sergeant.
The gnoll sergeant is almost dead.
You feel very sick.
The gnoll sergeant hits you with a +2 spear of venom!
You are lethally poisoned!
The gnoll sergeant is burned by your cloak of flames.
You kill the gnoll sergeant!
There is a lethal amount of poison in your body!
You feel extremely sick.
There is a lethal amount of poison in your body!
You feel very sick.
There is a lethal amount of poison in your body!
You feel very sick.
There is a lethal amount of poison in your body!
You die...

########### #........<#
###############.#########
....)............#
###############..#
#..#######
###############..).....#
...............)@#####.#
##.##########.#))# #.#
#.# #.#..# #.# #.# #.#..#
#.# #.# #.##)#####.# #.#
#.........?# #.#
#####.####### ##'####
#......# #.....# #.###..#


There were no monsters in sight!

Vanquished Creatures
  Pikel (D:6)
  A troll (D:6)
  A wraith (D:6)
  Edmund (D:5)
  Duvessa (D:4)
  2 ice beasts
  A black bear (D:5)
  An ogre (D:6)
  2 centaurs
  2 lemures (D:6)
  A phantom (D:6)
  A necrophage (D:6)
  2 gnoll sergeants (D:6)
  Dowan (D:4)
  3 jellies (D:6)
  An orc priest (D:5)
  2 gnoll boudas
  5 hounds
  2 iguanas
  Jessica (D:3)
  8 orc wizards
  9 adders
  18 gnolls
  4 river rats (D:4)
  2 shadow imps (D:6)
  An ufetubus (D:5)
  4 worms
  3 dart slugs
  30 orcs
  3 bats (D:1)
  9 endoplasms
  3 giant cockroaches
  3 goblins
  7 hobgoblins
  4 jackals
  5 kobolds
  A quokka (D:1)
  A ball python (D:1)
  2 frilled lizards
  5 rats
154 creatures vanquished.

Vanquished Creatures (others)
  5 plants (D:5)
5 creatures vanquished.

Grand Total: 159 creatures vanquished

Notes
Turn   | Place    | Note
-------+----------+-------------------------------------------
     0 | D:1      | qw the Troll Cinder Acolyte began the quest for the Orb.
     0 | D:1      | Reached XP level 1. HP: 22/22 MP: 1/1
     0 | D:1      | 0 ||| qw: Version: 0.1-a-97-g2dd2ca4
     0 | D:1      | 0 ||| qw: Game counter: 4622
     0 | D:1      | 0 ||| qw: Always use a shield: true
     0 | D:1      | 0 ||| qw: God list: Okawaru
     0 | D:1      | 0 ||| qw: Allow faded altars: false
     0 | D:1      | 0 ||| qw: Do Orc after D:15 true
     0 | D:1      | 0 ||| qw: Do second Lair branch before Depths: true
     0 | D:1      | 0 ||| qw: Lair rune preference: random
     0 | D:1      | 0 ||| qw: Plans: Normal
     0 | D:1      | 0 ||| PLANNING D:1-11
   213 | D:1      | Found a faded altar of an unknown god.
   221 | D:1      | Reached XP level 2. HP: 29/29 MP: 2/2
   402 | D:1      | 402 ||| READING scroll labelled NOHEKUCZ LYACK.
   403 | D:1      | 403 ||| READING scroll labelled ECITRU JOAVIT.
   404 | D:1      | 404 ||| READING 2 scrolls labelled VUNOOSCH TEUSTU.
   418 | D:1      | 418 ||| READING 2 scrolls labelled RIZXALOOMO.
   419 | D:1      | 419 ||| READING 2 scrolls labelled IXZAAKL PEFAG.
   423 | D:1      | 423 ||| READING 4 scrolls labelled XUXKOE CAUN.
   424 | D:1      | 424 ||| DROPPING scroll of torment.
   469 | D:2      | 469 ||| FLEEEEING.
   472 | D:2      | 472 ||| STAIRDANCE
   482 | D:2      | 482 ||| FLEEEEING.
   483 | D:2      | 483 ||| FLEEEEING.
   490 | D:2      | Reached skill level 4 in Unarmed Combat
   524 | D:2      | 524 ||| Stepping ~*~*~tactically~*~*~ (stealth).
   531 | D:2      | 531 ||| Stepping ~*~*~tactically~*~*~ (stealth).
   532 | D:2      | 532 ||| Stepping ~*~*~tactically~*~*~ (stealth).
   535 | D:2      | 535 ||| Stepping ~*~*~tactically~*~*~ (outnumbered).
   570 | D:2      | Reached XP level 3. HP: 36/36 MP: 3/3
   693 | D:2      | Identified the +4 hand axe "Poemnupe" {elec, *Noise rElec
                  | rPois Will++}
   843 | D:2      | 843 ||| Stepping ~*~*~tactically~*~*~ (stealth).
   847 | D:2      | 847 ||| Stepping ~*~*~tactically~*~*~ (outnumbered).
   929 | D:2      | Reached skill level 5 in Unarmed Combat
   929 | D:2      | Reached XP level 4. HP: 44/44 MP: 4/4
   932 | D:2      | 932 ||| Stepping ~*~*~tactically~*~*~ (hiding).
  1148 | D:2      | 1148 ||| Stepping ~*~*~tactically~*~*~ (hiding).
  1149 | D:2      | 1149 ||| Stepping ~*~*~tactically~*~*~ (hiding).
  1150 | D:2      | 1150 ||| Stepping ~*~*~tactically~*~*~ (hiding).
  1152 | D:2      | 1152 ||| Stepping ~*~*~tactically~*~*~ (hiding).
  1154 | D:2      | 1154 ||| Stepping ~*~*~tactically~*~*~ (hiding).
  1156 | D:2      | 1156 ||| Stepping ~*~*~tactically~*~*~ (hiding).
  1157 | D:2      | 1157 ||| Stepping ~*~*~tactically~*~*~ (hiding).
  1274 | D:2      | 1274 ||| DROPPING orb of mayhem.
  1275 | D:2      | 1275 ||| READING scroll labelled XURA DODONTITREA.
  1354 | D:3      | 1354 ||| Stepping ~*~*~tactically~*~*~ (stealth).
  1355 | D:3      | 1355 ||| Stepping ~*~*~tactically~*~*~ (stealth).
  1454 | D:3      | Noticed Jessica
  1463 | D:3      | 1463 ||| Stepping ~*~*~tactically~*~*~ (hiding).
  1464 | D:3      | 1464 ||| Stepping ~*~*~tactically~*~*~ (hiding).
  1470 | D:3      | Killed Jessica
  1502 | D:3      | Identified the +1 robe of Parlour Games {-Cast Str+8 Dex-4
                  | Stlth+}
  1528 | D:3      | Reached XP level 5. HP: 50/50 MP: 5/5
  1606 | D:3      | Found an opulent altar of Gozag.
  1678 | D:3      | Found a runed translucent door.
  1679 | D:3      | Noticed Crazy Yiuf
  1745 | D:3      | 1745 ||| FLEEEEING.
  1781 | D:3      | Reached skill level 6 in Unarmed Combat
  1881 | D:3      | 1881 ||| READING scroll labelled QUILAD DEARE.
  1882 | D:3      | 1882 ||| DRINKING 2 smoky blue potions.
  1883 | D:3      | 1883 ||| DRINKING 2 fuming ruby potions.
  1988 | D:3      | 1988 ||| READING 3 scrolls of identify.
  1988 | D:3      | 1988 ||| IDENTIFYING murky coppery potion
  1989 | D:3      | 1989 ||| DROPPING potion of berserk rage.
  2031 | D:4      | 2031 ||| PLANNING SEWER
  2067 | D:4      | 2067 ||| INVOKING Fiery Armour.
  2076 | D:4      | 2076 ||| Stepping ~*~*~tactically~*~*~ (stealth).
  2078 | D:4      | 2078 ||| Stepping ~*~*~tactically~*~*~ (outnumbered).
  2080 | D:4      | 2080 ||| Stepping ~*~*~tactically~*~*~ (outnumbered).
  2082 | D:4      | 2082 ||| FLEEEEING.
  2120 | D:4      | 2120 ||| Stepping ~*~*~tactically~*~*~ (hiding).
  2133 | D:4      | 2133 ||| Stepping ~*~*~tactically~*~*~ (stealth).
  2136 | D:4      | Reached XP level 6. HP: 53/59 MP: 6/6
  2166 | D:4      | 2166 ||| Stepping ~*~*~tactically~*~*~ (stealth).
  2174 | D:4      | Reached skill level 7 in Unarmed Combat
  2174 | D:4      | 2174 ||| Stepping ~*~*~tactically~*~*~ (stealth).
  2445 | D:4      | Found a broken altar of Ashenzari.
  2492 | D:4      | 2492 ||| Stepping ~*~*~tactically~*~*~ (stealth).
  2508 | D:4      | Noticed Dowan
  2509 | D:4      | Noticed Duvessa
  2510 | D:4      | 2510 ||| Stepping ~*~*~tactically~*~*~ (hiding).
  2514 | D:4      | 2514 ||| INVOKING Fiery Armour.
  2517 | D:4      | Killed Dowan
  2529 | D:4      | Killed Duvessa
  2530 | D:4      | Reached skill level 8 in Unarmed Combat
  2530 | D:4      | Reached XP level 7. HP: 43/66 MP: 7/7
  2676 | D:4      | 2676 ||| RIP SEWER
  2687 | D:4      | 2687 ||| PLANNING D:1-11
  2697 | D:4      | Found a sacrificial altar of Ru.
  2793 | D:4      | 2793 ||| READING 3 scrolls labelled HYEMASA SEON.
  2794 | D:4      | 2794 ||| DRINKING 2 coppery potions.
  2795 | D:4      | 2795 ||| READING 2 scrolls of identify.
  2795 | D:4      | 2795 ||| IDENTIFYING cyan potion
  2796 | D:4      | 2796 ||| DROPPING potion of lignification.
  2797 | D:4      | 2797 ||| DROPPING 2 scrolls of summoning.
  2818 | D:5      | Entered Level 5 of the Dungeon
  2830 | D:5      | Found a hide-covered altar of Uskayaw.
  2886 | D:5      | Reached skill level 3 in Fighting
  2922 | D:5      | 2922 ||| Stepping ~*~*~tactically~*~*~ (hiding).
  3052 | D:5      | Found a radiant altar of Vehumet.
  3094 | D:5      | 3094 ||| INVOKING Fiery Armour.
  3144 | D:5      | 3144 ||| DRINKING potion of curing.
  3144 | D:5      | 3144 ||| (to cure confusion)
  3178 | D:5      | Reached skill level 9 in Unarmed Combat
  3304 | D:5      | 3304 ||| Stepping ~*~*~tactically~*~*~ (hiding).
  3311 | D:5      | Reached skill level 1 in Dodging
  3354 | D:5      | Reached XP level 8. HP: 75/75 MP: 8/8
  3389 | D:5      | Noticed Edmund
  3390 | D:5      | 3390 ||| Stepping ~*~*~tactically~*~*~ (stealth).
  3391 | D:5      | 3391 ||| Stepping ~*~*~tactically~*~*~ (stealth).
  3401 | D:5      | Killed Edmund
  3538 | D:5      | Found a stormy altar of Qazlal.
  3539 | D:5      | Found a sparkling altar of Nemelex Xobeh.
  3707 | D:5      | 3707 ||| READING scroll labelled BEEM AKLYFIO.
  3739 | D:6      | 3739 ||| STAIRDANCE
  3751 | D:6      | Reached skill level 10 in Unarmed Combat
  3787 | D:6      | Reached skill level 1 in Throwing
  3858 | D:6      | 3858 ||| Stepping ~*~*~tactically~*~*~ (outnumbered).
  3916 | D:6      | 3916 ||| Stepping ~*~*~tactically~*~*~ (hiding).
  3917 | D:6      | 3917 ||| INVOKING Fiery Armour.
  3919 | D:6      | 3919 ||| Stepping ~*~*~tactically~*~*~ (outnumbered).
  3923 | D:6      | 3923 ||| Stepping ~*~*~tactically~*~*~ (outnumbered).
  3929 | D:6      | 3929 ||| Stepping ~*~*~tactically~*~*~ (outnumbered).
  3931 | D:6      | 3931 ||| Stepping ~*~*~tactically~*~*~ (outnumbered).
  3933 | D:6      | 3933 ||| Stepping ~*~*~tactically~*~*~ (outnumbered).
  3934 | D:6      | HP: 17/78 [gnoll sergeant/+0 spear (5)]
  3935 | D:6      | 3935 ||| READING 2 scrolls of teleportation.
  3936 | D:6      | 3936 ||| DRINKING potion of heal wounds.
  3937 | D:6      | 3937 ||| Stepping ~*~*~tactically~*~*~ (outnumbered).
  4006 | D:6      | Found a staircase to the Ecumenical Temple.
  4019 | D:6      | 4019 ||| Stepping ~*~*~tactically~*~*~ (hiding).
  4124 | D:6      | Noticed a troll
  4125 | D:6      | 4125 ||| Stepping ~*~*~tactically~*~*~ (stealth).
  4197 | D:6      | 4197 ||| INVOKING Fiery Armour.
  4284 | D:6      | 4284 ||| Stepping ~*~*~tactically~*~*~ (stealth).
  4285 | D:6      | 4285 ||| Stepping ~*~*~tactically~*~*~ (stealth).
  4286 | D:6      | 4286 ||| Stepping ~*~*~tactically~*~*~ (stealth).
  4288 | D:6      | 4288 ||| Stepping ~*~*~tactically~*~*~ (hiding).
  4769 | D:6      | Killed a troll
  4770 | D:6      | Reached skill level 11 in Unarmed Combat
  4770 | D:6      | Reached XP level 9. HP: 61/84 MP: 9/9
  5196 | D:6      | Identified the +1 hand axe "Ucyoqit" {vorpal, Dex+6}
  5206 | D:6      | 5206 ||| INVOKING Fiery Armour.
  5257 | D:6      | Noticed Pikel
  5260 | D:6      | 5260 ||| Stepping ~*~*~tactically~*~*~ (stealth).
  5268 | D:6      | 5268 ||| Stepping ~*~*~tactically~*~*~ (outnumbered).
  5270 | D:6      | Killed Pikel
  5271 | D:6      | Reached skill level 12 in Unarmed Combat
  5303 | D:6      | 5303 ||| UPGRADING to +4 ring of protection.
  5304 | D:6      | 5304 ||| READING 2 scrolls labelled SOSANW SYQIFUH.
  5305 | D:6      | 5305 ||| DROPPING scroll of blinking.
  5318 | D:7      | 5318 ||| PLANNING OSSUARY
  5318 | D:7      | 5318 ||| STAIRDANCE
  5323 | D:7      | 5323 ||| STAIRDANCE
  5329 | D:7      | 5329 ||| STAIRDANCE
  5331 | D:6      | 5331 ||| Stepping ~*~*~tactically~*~*~ (outnumbered).
  5332 | D:6      | 5332 ||| Stepping ~*~*~tactically~*~*~ (outnumbered).
  5333 | D:6      | 5333 ||| Stepping ~*~*~tactically~*~*~ (outnumbered).
  5334 | D:6      | 5334 ||| Stepping ~*~*~tactically~*~*~ (outnumbered).
  5335 | D:6      | 5335 ||| Stepping ~*~*~tactically~*~*~ (outnumbered).
  5359 | D:7      | 5359 ||| STAIRDANCE
  5368 | D:7      | 5368 ||| STAIRDANCE
  5430 | D:7      | 5430 ||| STAIRDANCE
  5438 | D:6      | 5438 ||| INVOKING Fiery Armour.
  5439 | D:6      | HP: 16/84 [gnoll sergeant/+2 spear of venom (7)]
  5441 | D:6      | HP: 4/85 [poisoned by a gnoll sergeant]
  5442 | D:6      | HP: 1/85 [poisoned by a gnoll sergeant]
  5443 | D:6      | Succumbed to a gnoll sergeant's poison

Levels and vault maps discovered:
D:1:      psy_arrival_dodecagon, layout_rooms, hellmonk_ecumenical_altar_zigzags
D:2:      layout_loops_ring, kennysheep_cluttered_room
D:3:      layout_basic, grunt_gozag_statues, uniq_crazy_yiuf_cottage,
          uniq_jessica
D:4:      layout_loops_cross, kennysheep_little_box, kennysheep_mini,
          lightli_sewer_entry_pipes, skrybe_limestone_x,
          minmay_misc_feat_hallway, hangedman_abyss_or_decor_passed,
          minmay_between, uniq_duvessa
D:5:      layout_loops_ring, mainiacjoe_overflow_boulevard,
          mainiacjoe_overflow_brackets, gammafunk_temple_overflow_statue,
          kennysheep_generic_room_4, uniq_edmund
D:6:      layout_basic, minmay_temple_entry_hall, uniq_pikel
D:7:      layout_loops_ring, enter_ossuary_1

Skill      XL: |  1  2  3  4  5  6  7  8  9 |
---------------+----------------------------+-----
Unarmed Combat | 4 5 6 8 9 11 12 | 12.4
Fighting       | 3 4 |  4.4
Dodging        | 1 |  1.5
Throwing       | 1 |  1.6
Spellcasting   | |  1.0
Fire Magic     | |  2.1

Action                   |  1- 3 |  4- 6 |  7- 9 || total
-------------------------+-------+-------+-------++-------
Melee: Unarmed           |    76 |   133 |   170 ||   379
       Punch             |     2 |     3 |     8 ||    13
Throw: Boomerang         |       |       |    12 ||    12
Invok: Fiery Armour      |       |     2 |     5 ||     7
  Use: Scroll            |     6 |     3 |     5 ||    14
       Potion            |       |     2 |     3 ||     5
Armor: Robe              |    18 |    34 |    64 ||   116
Dodge: Dodged            |    16 |    42 |    88 ||   146

Table legend:
 A = Non-vault XP
 B = Vault XP
 C = Vault XP percentage of total XP
 D = Non-vault monster count
 E = Vault monster count
 F = Vault count percentage of total count
                 A         B        C        D         E       F
            +---------+---------+-------+---------+---------+-------
      Total |    2989 |    1239 |  29.3 |     135 |      17 |  11.2
            +---------+---------+-------+---------+---------+-------
        D:1 |      20 |       0 |   0.0 |      12 |       0 |   0.0
        D:2 |     115 |       0 |   0.0 |      18 |       0 |   0.0
        D:3 |      61 |      37 |  37.8 |      20 |       1 |   4.8
        D:4 |     249 |     324 |  56.5 |      23 |      13 |  36.1
        D:5 |     706 |     181 |  20.4 |      24 |       2 |   7.7
        D:6 |    1835 |     697 |  27.5 |      37 |       1 |   2.6
        D:7 |       3 |       0 |   0.0 |       1 |       0 |   0.0
            +---------+---------+-------+---------+---------+-------
